 Dungeon Crawl Stone Soup version 0.32-a0-132-g2d33c3cfaf (webtiles) character file.

Game seed: 1649699953168183357

7537 Kenran the Martial Artist (level 10, -4/39 (46) HPs)
             Began as a Spriggan Shapeshifter on Feb 9, 2024.
             Was a Follower of Ru.
             Slain by Erica
             ... wielding a +1 scimitar of flaming
              (13 damage)
             ... on level 9 of the Dungeon.
             The game lasted 00:35:00 (11077 turns).

Kenran the Martial Artist (Spriggan Shapeshifter)  Turns: 11077, Time: 00:35:00

HP:   -4/39 (46)    AC:  7    Str: 10    XL:     10   Next: 96%
MP:   11/11         EV: 23    Int: 12    God:    Ru [*.....]
Gold: 620           SH:  0    Dex: 25    Spells: 9/9 levels left

rFire   . .          .
                       - Unarmed
rCold   . . .        (no shield)
rNeg    . . .        E - +0 troll leather armour
rPois   .            (helmet currently unavailable)
rElec   .            (cloak currently unavailable)
rCorr   .            (gloves unavailable)
SInv    +            (boots unavailable)
Will    +....        (no amulet)
Stlth   +++          T - +6 ring of dexterity
HPRegen 1.06/turn    u - +4 ring of protection
MPRegen 0.12/turn

%: no passive effects
@: beast-form, constricted, heavily drained, very quick
A: beast (slay +4), very small, no large weapons, unfitting armour, see
invisible, speed 3, hated by all
a: Begin Untransformation, Renounce Religion


You were on level 9 of the Dungeon.
You worshipped Ru.
Ru was aware of your devotion.
You were a hulking beast.
You visited 2 branches of the dungeon, and saw 11 of its levels.
You also visited: Ossuary.

You collected 620 gold pieces.

Inventory:

Hand Weapons
 I - the +8 trident of the Octopus King {venom, rElec rPois}
   (You found it on level 5 of the Dungeon)

   rElec:     It insulates you from electricity.
   rPois:     It protects you from poison
Missiles
 o - 6 darts of dispersal (quivered)
 y - 21 poisoned darts
 C - 7 atropa-tipped darts
 Q - 4 throwing nets
 V - a curare-tipped dart
Armour
 q - a scarf of resistance
 E - a +0 troll leather armour (worn)
 S - +0 steam dragon scales
Jewellery
 e - a ring of resist corrosion
 i - a ring of flight
 u - a +4 ring of protection (right hand)
 T - a +6 ring of dexterity (left hand)
Talismans
 c - a beast talisman
 d - a flux talisman
 n - a serpent talisman
 O - a granite talisman
Wands
 a - a wand of polymorph (9)
 t - a wand of flame (5)
 w - a wand of light (4)
 U - a wand of paralysis (5)
Scrolls
 b - a scroll of revelation
 f - 11 scrolls of teleportation
 g - a scroll of torment {unknown}
 h - 2 scrolls of immolation {!r}
 k - a scroll of blinking
 l - a scroll of enchant weapon
 p - a scroll of poison {unknown}
 s - 2 scrolls of vulnerability {unknown}
 v - 3 scrolls of enchant armour
 K - 2 scrolls of fear
 L - a scroll of fog
Potions
 j - 3 potions of mutation {unknown}
 m - a potion of resistance {unknown}
 r - 3 potions of degeneration {unknown}
 x - 2 potions of magic {unknown}
 z - 4 potions of curing {@q1}
 A - 2 potions of invisibility {unknown}
 B - 2 potions of enlightenment {unknown}
 D - 4 potions of attraction {unknown}
 F - 2 potions of berserk rage {unknown}
 G - 4 potions of brilliance {unknown}
 H - 3 potions of might {unknown}
 J - a potion of cancellation {unknown}
 M - a potion of ambrosia {unknown}
 N - a potion of lignification {!q}
 P - 5 potions of haste {unknown}
 R - a potion of heal wounds {unknown}


   Skills:
 - Level 2.0 Fighting
 - Level 10.0 Dodging
 - Level 5.0 Stealth
 * Level 12.0 Unarmed Combat
 - Level 7.0 Shapeshifting


You had 9 spell levels left.
You didn't know any spells.
Your spell library contained the following spells:

 Spells                   Type           Power      Damage    Failure   Level
 Foxfire                  Conj/Fire      0%         2x1d4     41%         1
 Slow                     Hex            0%         N/A       41%         1
 Ensorcelled Hibernation  Hex/Ice        0%         N/A       56%         2
 Scorch                   Fire           0%         2d5       56%         2
 Confusing Touch          Hex            0%         N/A       80%         3
 Dazzling Flash           Conj/Hex       0%         N/A       80%         3
 Fugue of the Fallen      Necr           0%         N/A       80%         3
 Mephitic Cloud           Conj/Alch/Air  0%         N/A       80%         3
 Passwall                 Erth           0%         N/A       80%         3
 Sigil of Binding         Hex            0%         N/A       80%         3
 Swiftness                Air            0%         N/A       80%         3
 Vampiric Draining        Necr           0%         2d6       80%         3
 Anguish                  Hex/Necr       0%         N/A       99%         4
 Flame Wave               Conj/Fire      0%         2d4       99%         4
 Curse of Agony           Necr           0%         N/A       100%        5
 Silence                  Hex/Air        0%         N/A       100%        5
 Plasma Beam              Fire/Air       0%         2x1d10    100%        6
 Starburst                Conj/Fire      0%         6d3       100%        6
 Summon Cactus Giant      Summ           Unusable   N/A       N/A         6

Dungeon Overview and Level Annotations

Branches:
Dungeon (10/15)            Temple (1/1) D:7             Orc (0/2) D:9
Ossuary (visited)
   Lair: D:8-11

Altars:
Ashenzari
Cheibriados
Dithmenos
Elyvilon
Gozag
Kikubaaqudgha
Makhleb
Nemelex Xobeh
Okawaru
Qazlal
Ru
Sif Muna
Trog
Uskayaw
Vehumet
Wu Jian
Xom
Zin
The Shining One

Shops:
D:9 (

Annotations:
D:7 Maggie
D:9 Erica


Innate Abilities, Weirdness & Mutations

You are a hulking beast.
Your limbs bulge with bestial killing power. (Slay +4)
You are very small and have problems with some larger weapons.
You are too small for most types of armour.
You have supernaturally acute eyesight. (SInv)
You cover ground extremely quickly. (Speed+++)
You are hated by all.


Message History

There is a stone staircase leading down, spattered with blood here.
You climb downwards.
The kobold throws a poisoned dart.
The poisoned dart completely misses you.
There is a stone staircase leading up, spattered with blood here.
Erica and 2 orcs come into view.
Erica is wielding a +1 scimitar of flaming and wearing the ring "Fobbau" {^Drain Fly Will+ Slay+6 SInv}.
The kobold throws a stone.
The stone closely misses you.
A centaur comes into view.
Erica shouts!
Things that are here:
a +0 short sword; a +0 scale mail; a +0 hand axe You punch Erica!
Erica is moderately wounded.
The kobold throws a stone.
The stone hits you but does no damage.
The kobold throws a poisoned dart.
The poisoned dart completely misses you.
The wight completely misses you.
There is a stone staircase leading up, spattered with blood here.
Erica misses you. Erica barely misses you.
You climb upwards.
There is a stone staircase leading down, spattered with blood here.
You closely miss Erica.
Erica is moderately wounded.
Erica hits you with a +1 scimitar of flaming!
Erica burns you. Erica misses you.
You completely miss Erica.
Erica is moderately wounded.
Erica misses you. Erica grabs you. Erica constricts you.
You miss Erica.
Erica is moderately wounded.
Erica hits you with a +1 scimitar of flaming!
Erica burns you.
* * * LOW HITPOINT WARNING * * *
Erica constricts you.
* * * LOW HITPOINT WARNING * * *
Erica's grasp on you weakens, but your attempt to escape fails.
Erica hits you with a +1 scimitar of flaming!
You die...
Erica begins burbling mirthfully and uncontrollably.
Ru respects your ultimate sacrifice.

............................#####
.............................#.##
.......................)...###...
...................#....[......).
........####?......######.#......
.........##.......[##.##.....#...
#.....##.###......[[..#..#..##...
....####..##...().......###.#....
..### #...##....hx.......##..#...
..# ##........)..........[##...
..# ##...................##.##
#.# #..##∩##..................
..## ##..#...#..##..)...........
#..####...#(..#..######..........
..##..#...#(..#.#.# #.....÷..##
...)....#.#.(.#...#####.÷.....#.#
...####.###...#.....##.÷÷........


You could see Erica.

Vanquished Creatures
  2 kobold demonologists (D:9)
  An unseen horror (D:9)
  A troll (D:8)
  A hornet (D:9)
  2 wyverns
  10 yaks
  2 steam dragons
  Duvessa (D:5)
  A water moccasin (D:9)
  A sky beast (D:7)
  2 orc warriors
  An ice beast (D:7)
  A black bear (D:8)
  An ogre (D:5)
  4 centaurs
  Blork the orc (D:4)
  3 kobold brigands
  A bullfrog (D:6)
  3 scorpions
  18 wights
  Dowan (D:5)
  12 killer bees
  A troll zombie (Ossuary)
  5 howler monkeys
  2 centaur zombies (Ossuary)
  A human zombie (Ossuary)
  2 bombardier beetles
  5 orc priests
  5 hounds
  A sleepcap (D:6)
  An iguana (D:5)
  5 orc wizards
  Natasha (D:4)
  2 ogre zombies (Ossuary)
  7 mummies (Ossuary)
  11 adders
  A white imp (D:7)
  2 ufetubi (D:6)
  6 adder zombies (Ossuary)
  3 dart slugs
  25 orcs
  5 ball pythons
  6 endoplasms
  4 giant cockroaches
  9 goblins
  6 hobgoblins
  2 jackals (D:1)
  6 quokkas
  3 training dummies (D:9)
  4 bats
  6 frilled lizards
  4 goblin zombies (Ossuary)
  8 hobgoblin zombies (Ossuary)
  8 kobolds
  2 kobold zombies (Ossuary)
  2 quokka zombies (Ossuary)
  4 rats
  2 rat zombies (Ossuary)
237 creatures vanquished.

Notes
Turn   | Place    | Note
-------+----------+-------------------------------------------
     0 | D:1      | Kenran the Spriggan Shapeshifter began the quest for the
                  | Orb.
     0 | D:1      | Reached XP level 1. HP: 9/9 MP: 2/2
   169 | D:1      | Reached skill level 1 in Fighting
   368 | D:1      | Reached XP level 2. HP: 14/14 MP: 3/3
   390 | D:1      | Reached skill level 3 in Unarmed Combat
  1096 | D:2      | Reached XP level 3. HP: 12/18 MP: 4/4
  1770 | D:3      | Reached skill level 4 in Unarmed Combat
  1784 | D:3      | Reached XP level 4. HP: 12/22 MP: 5/5
  2433 | D:4      | Noticed Natasha
  2444 | D:4      | Killed Natasha
  2445 | D:4      | Reached XP level 5. HP: 19/25 MP: 6/6
  2449 | D:4      | Identified the +7 short sword of Laax {flame, rC+ Str-5
                  | Int+4 Stlth+}
  2726 | D:4      | Noticed Blork the orc
  2850 | D:4      | Found a hazy altar of Hepliaklqana.
  2858 | D:4      | Found a shimmering blue altar of Sif Muna.
  2868 | D:4      | Reached skill level 5 in Unarmed Combat
  2973 | D:5      | Entered Level 5 of the Dungeon
  3098 | D:5      | Found a blossoming altar of Fedhas.
  3102 | D:5      | Found a stormy altar of Qazlal.
  3118 | D:5      | Noticed an ogre
  3130 | D:5      | Found the +8 trident of the Octopus King {venom, rElec
                  | rPois}
  3321 | D:4      | Killed Blork the orc
  3322 | D:4      | Reached XP level 6. HP: 18/30 MP: 7/7
  3431 | D:4      | Reached skill level 6 in Unarmed Combat
  3746 | D:5      | Found a shadowy altar of Dithmenos.
  3882 | D:5      | Reached XP level 7. HP: 33/33 MP: 8/8
  3905 | D:5      | Noticed Dowan
  3907 | D:5      | Noticed Duvessa
  3913 | D:5      | Killed Dowan
  3930 | D:5      | Killed Duvessa
  3931 | D:5      | Reached skill level 7 in Unarmed Combat
  4618 | D:6      | Found a sand-covered staircase.
  4710 | Ossuary  | Entered an ossuary
  4780 | Ossuary  | Reached XP level 8. HP: 36/39 MP: 9/9
  5065 | Ossuary  | Reached skill level 5 in Dodging
  5444 | D:6      | Reached skill level 5 in Shapeshifting
  5464 | D:5      | Reached skill level 8 in Unarmed Combat
  5754 | D:6      | Reached skill level 1 in Stealth
  6679 | D:7      | Reached XP level 9. HP: 37/42 MP: 10/10
  6690 | D:7      | Noticed Maggie
  7166 | D:6      | Reached skill level 5 in Stealth
  7166 | D:6      | Reached skill level 9 in Unarmed Combat
  7625 | D:7      | Found a staircase to the Ecumenical Temple.
  7636 | Temple   | Entered the Ecumenical Temple
  7672 | Temple   | Became a worshipper of Ru the Awakened
  8518 | D:8      | Found a shimmering altar of Xom.
  8739 | D:8      | Reached skill level 10 in Unarmed Combat
  8807 | D:8      | Reached XP level 10. HP: 46/46 MP: 11/11
  9458 | D:9      | Noticed a two-headed ogre
  9983 | D:9      | Found a staircase to the Orcish Mines.
 10012 | D:9      | Found Musitt Ujeta's Firing Range.
 10068 | D:9      | Gained mutation: You are hated by all. [Ru sacrifice]
 10068 | D:9      | Reached * piety under Ru
 10292 | D:9      | Reached skill level 11 in Unarmed Combat
 10366 | D:9      | Reached skill level 10 in Dodging
 10820 | D:10     | Entered Level 10 of the Dungeon
 10824 | D:10     | Noticed an orange demon
 10825 | D:10     | Noticed a sixfirhy
 10825 | D:10     | Noticed a sixfirhy
 10838 | D:10     | Noticed a smoke demon
 10844 | D:9      | Noticed an orange demon
 10899 | D:9      | Noticed a sun demon
 11063 | D:9      | Reached skill level 12 in Unarmed Combat
 11068 | D:10     | Identified the ring "Fobbau" {^Drain Fly Will+ Slay+6 SInv}
 11068 | D:10     | Noticed Erica
 11077 | D:9      | Slain by Erica

Illustrated notes

Levels and vault maps discovered:
D:1:      giann_forest_graveyard, layout_basic, minmay_tall_x
D:2:      layout_basic
D:3:      layout_rooms
D:4:      layout_gridville, jmf_multi_god_temple2, kennysheep_orc_chapel,
          uniq_natasha, uniq_blork_the_orc
D:5:      layout_basic, grunt_temple_overflow_forces_of_nature,
          mainiacjoe_overflow_24_doors, uniq_duvessa
D:6:      layout_basic, enter_ossuary_2, minmay_misc_feat_five
D:7:      layout_rooms, minmay_temple_entry_enclosed_plants, uniq_maggie
D:8:      layout_cave_pods, old_standard_altar, chequers_serial_rivers_room_b
D:9:      layout_cave_pools, orc_0_dummy, minivault_5, nicolae_shop_firing_range
D:10:     layout_rooms, david_lair_shrubbed, uniq_erica, uniq_sonja,
          uniq_amaemon
Temple:   eino_temple_scatter_basement

Skill      XL: |  1  2  3  4  5  6  7  8  9 10 |
---------------+-------------------------------+-----
Fighting       | 1 2 |  2.0
Unarmed Combat | 3 4 5 6 7 8 10 12 | 12.0
Dodging        | 3 4 5 8 10 | 10.0
Shapeshifting  | 7 |  7.0
Stealth        | 3 5 |  5.0

Action                     |  1- 3 |  4- 6 |  7- 9 | 10-12 || total
---------------------------+-------+-------+-------+-------++-------
  Melee: Unarmed           |   128 |    72 |   454 |   207 ||   861
         Punch             |     3 |     5 |    37 |    21 ||    66
         Trident           |       |    50 |    47 |       ||    97
 Invoke: Sacrifice Love    |       |       |       |     1 ||     1
  Evoke: Wand              |       |       |     7 |     3 ||    10
    Use: Scroll            |       |     5 |     3 |     3 ||    11
         Potion            |       |     1 |     4 |       ||     5
   Stab: Sleeping          |     6 |     1 |     5 |       ||    12
         Distracted        |       |       |       |     2 ||     2
         Invisible         |       |       |       |     1 ||     1
 Armour: Animal skin       |    28 |    44 |    83 |       ||   155
         Skin              |       |    14 |    29 |       ||    43
         Robe              |       |       |    82 |       ||    82
         Steam dragon scal |       |       |     1 |    17 ||    18
         Troll leather arm |       |       |       |    58 ||    58
  Dodge: Dodged            |   102 |    99 |   395 |   260 ||   856

Table legend: (Time is in decaauts)
 A = Elapsed time spent in this place.
 B = Non-inter-level travel time spent in this place.
 C = Inter-level travel time spent in this place.
 D = Time resting spent in this place.
 E = Time spent auto-exploring this place.
 F = Levels seen in this place.
 G = Mean time per level.
                   A        B        C        D        E       F      G
               +--------+--------+--------+--------+--------+-----+--------+
         Total |   8066 |   7581 |    485 |   2127 |   3002 |  12 |  672.2 |
       Dungeon |   7472 |   7018 |    454 |   1974 |   2854 |  10 |  747.2 |
        Temple |     34 |      3 |     31 |      0 |      0 |   1 |   34.0 |
       Ossuary |    559 |    559 |      0 |    153 |    147 |   1 |  559.0 |
               +--------+--------+--------+--------+--------+-----+--------+

Top non-repeatable levels by time:
     D:6: 1401 daAuts
     D:5: 958 daAuts
     D:3: 846 daAuts
     D:8: 841 daAuts
     D:9: 809 daAuts
     D:4: 784 daAuts
     D:7: 689 daAuts
     D:2: 581 daAuts
 Ossuary: 559 daAuts
     D:1: 534 daAuts
  Temple: 34 daAuts
    D:10: 25 daAuts
